 Dungeon Crawl Stone Soup version 0.17.0-22-g5edae84 (webtiles) character file.

464326 inmateoo the Wrestler (level 23, -10/205 (206) HPs)
             Began as a Ghoul Venom Mage on Nov 11, 2015.
             Was the Champion of Okawaru.
             Killed from afar by a lich (71 damage)
             ... with a crystal spear
             ... on level 3 of the Crypt on Nov 12, 2015.
             The game lasted 02:04:57 (50518 turns).

inmateoo the Wrestler (Ghoul Venom Mage)           Turns: 50518, Time: 02:04:57

HP:   -10/205 (206) AC: 28    Str: 21    XL:     23   Next: 86%
MP:   34/37         EV: 30    Int: 10    God:    Okawaru [******]
Gold: 6165          SH: 16    Dex: 21    Spells: 6 memorised, 30 levels left

rFire  + . .     SeeInvis +       - Unarmed
rCold  + . .     Clarity  .     E - +2 scale mail of Grace {rN+ Dex+3 Slay+5}
rNeg   + + +     SustAt   .     l - +1 shield {AC+3}
rPois  ∞         Gourm    .     z - +0 mask of the Dragon {MR+ Slay+3 SInv}
rElec  .         Spirit   .     T - +2 cloak
rCorr  .         Warding  .     R - +2 pair of gloves {Dex+3}
rMut   .         Stasis   .     F - +2 pair of boots {run}
MR     ++...                    b - amulet of regeneration
Stlth  +++.......               q - ring of wizardry
                                s - ring of protection from fire

@: agile, heroism, very slightly contaminated, regenerating, rotting, quick,
very resistant to hostile enchantments, fairly stealthy
A: rotting body, claws 1, carnivore 3, cold resistance 1, negative energy
resistance 3, slow regeneration 1, torment resistance, unbreathing
a: Heroism, Finesse, Renounce Religion
}: 4/15 runes: decaying, silver, abyssal, gossamer


You were on level 3 of the Crypt.
You worshipped Okawaru.
Okawaru was exalted by your worship.
You were not hungry.

You visited 8 branches of the dungeon, and saw 46 of its levels.
You visited the Abyss 1 time.
You also visited: Ice Cave.

You collected 8345 gold pieces.
You spent 2180 gold pieces at shops.

Inventory:

Armour
 l - a +1 shield of protection (worn)
 z - the +0 mask of the Dragon (worn) {MR+ Slay+3 SInv}
   (You acquired it on level 12 of the Dungeon)

   It affects your accuracy and damage with ranged weapons and melee attacks
   (+3).
   It affects your resistance to hostile enchantments.
   It lets you see invisible.
 E - the +2 scale mail of Grace (worn) {rN+ Dex+3 Slay+5}
   (You found it on level 3 of the Elven Halls)

   It affects your dexterity (+3).
   It affects your accuracy and damage with ranged weapons and melee attacks
   (+5).
   It protects you from negative energy.
 F - a +2 pair of boots of running (worn)
 J - the +0 hat "Huer" {+Fly rElec MR+ Regen+}
   (Okawaru gifted it to you on level 3 of the Spider Nest)

   It insulates you from electricity.
   It affects your resistance to hostile enchantments.
   It lets you fly.
   It increases your rate of regeneration.
 K - a +5 crystal plate armour
 R - a +2 pair of gloves of dexterity (worn)
 T - a +2 cloak (worn)
 X - the +1 helmet of the Other World {+Blink rPois rCorr Dex-2}
   (You found it on level 7 of the Lair of Beasts)

   It affects your dexterity (-2).
   It protects you from poison.
   It lets you blink.
   It protects you from acid and corrosion.
Magical Staves
 r - an uncursed staff of wizardry
Jewellery
 b - an amulet of regeneration (around neck)
 g - an uncursed amulet of clarity
 q - a ring of wizardry (right hand)
 s - a ring of protection from fire (left hand)
 w - an uncursed ring of protection from magic
 A - a +5 ring of intelligence
 B - an uncursed ring of teleportation
Wands
 h - a wand of hasting (8)
 x - a wand of digging (5)
 G - a wand of disintegration (9)
 M - a wand of invisibility (1)
 N - a wand of digging (14)
 S - a wand of draining (0)
 U - a wand of lightning (1)
 W - a wand of teleportation (3)
Scrolls
 d - 17 scrolls of remove curse
 k - 6 scrolls of recharging
 n - 3 scrolls of fear
 y - 5 scrolls of amnesia
 D - 16 scrolls of identify
 H - 3 scrolls of magic mapping
 O - 18 scrolls of teleportation
 Q - a scroll of blinking
 Z - a scroll of fog
Potions
 a - 7 potions of brilliance
 j - 7 potions of cancellation
 m - 2 potions of resistance
 p - 5 potions of flight
 t - 2 potions of magic
 u - 4 potions of heal wounds
 v - 27 potions of curing
 I - a potion of invisibility
 L - 2 potions of agility
 P - 4 potions of haste
 V - 3 potions of might
Miscellaneous
 e - a lamp of fire
 o - a fan of gales
 C - a phial of floods
Comestibles
 c - 20 meat rations
 f - 16 beef jerkies
 i - 7 royal jellies
 Y - a chunk of flesh


   Skills:
 + Level 17.4(22.4) Fighting
 + Level 14.9(19.9) Armour
 + Level 12.8(17.8) Dodging
 - Level 2.1(7.1) Stealth
 + Level 10.5(15.5) Shields
 * Level 23.3(27) Unarmed Combat
 + Level 11.2 Spellcasting
 - Level 5.6 Charms
 * Level 4.5 Necromancy
 - Level 6.0 Translocations
   Level 4.0 Poison Magic
 - Level 8.0 Invocations
 - Level 10.0 Evocations


You had 30 spell levels left.
You knew the following spells:

 Your Spells              Type           Power        Failure   Level  Hunger
a - Regeneration          Chrm/Necr      ###.......   4%          3    ##.....
b - Passage of Golubria   Tloc           N/A          9%          4    ####...
c - Shroud of Golubria    Chrm/Tloc      ###.......   1%          2    None
d - Apportation           Tloc           ###.......   1%          1    None
e - Blink                 Tloc           N/A          1%          2    None
f - Song of Slaying       Chrm           ###.....     1%          2    None


Dungeon Overview and Level Annotations

Branches:
Dungeon (15/15)            Temple (0/1) D:5            Lair (8/8) D:8
  Swamp (4/4) Lair:6       Spider (4/4) Lair:3        Slime (0/6) Lair:7
    Orc (4/4) D:10            Elf (3/3) Orc:4        Vaults (5/5) D:13
  Crypt (3/3) Vaults:2       Tomb (0/3) Crypt:3      Depths (0/5) D:15

Altars:
Cheibriados
Dithmenos
Elyvilon
Fedhas
Kikubaaqudgha
Makhleb
Nemelex Xobeh
Okawaru
Qazlal
Sif Muna
Xom
Zin
The Shining One
Beogh
Jiyva
Lugonu

Shops:
D:5 :   D:8 !   D:11 [   Orc:1 }   Orc:4 :%%:   Elf:2 }   Vaults:1 *
Vaults:3 [

Portals:
Abyss: Crypt:2
Trove: D:10 (give +6 demon whip)

Annotations:
Elf:2 2 runed doors
Elf:3 1 exclusion
Crypt:3 Mara


Innate Abilities, Weirdness & Mutations

Your body is rotting away.
You thrive on raw meat.
You are immune to poison.
You have sharp fingernails.
You are carnivorous and can eat meat at any time.
Your flesh is cold resistant.
You are immune to negative energy.
You regenerate slowly when monsters are visible.
You are immune to unholy pain and torment.
You can survive without breathing.


Message History

You feel strangely unstable.
You start resting.
Casting: Regeneration
Confirm with . or Enter, or press ? or * to list all spells.
Your skin crawls.
Your surroundings suddenly seem different.
A lich comes into view.
You are too injured to fight recklessly!
You are too injured to fight recklessly!
Unknown command.
The lich shouts!
You barely miss the lich.
The lich touches you but does no damage.
You punch the lich!
The lich is lightly damaged.
You hit the lich.
The lich is moderately damaged.
The lich gestures at you while chanting.
The crystal spear hits you!
You die...

.........#
........#
.......#
#......#
......#
####.....#
###........+
#....L@....#
#....###...#
###. ..## #
.## ##


You could see a lich.

Vanquished Creatures
  the Lernaean hydra (Swamp:4)
  A golden dragon (Vaults:5)
  7 tentacled monstrosities
  A quicksilver dragon (Vaults:5)
  7 titans (Vaults:5)
  2 deep elf master archers (Elf:3)
  2 deep elf blademasters (Elf:3)
  3 sphinxes
  2 tentacled starspawn
  3 tengu reavers
  2 ancient champions
  4 shadow dragons (Vaults:5)
  2 revenants
  3 thorn hunters
  4 frost giants (Vaults:5)
  7 deep elf sorcerers
  11 vault wardens
  2 fire giants (Vaults:5)
  4 ghost moths (Spider:4)
  Aizul (Swamp:2)
  A curse skull (Crypt:2)
  7 emperor scorpions
  2 ghouls (Crypt:2)
  5 very ugly things
  15 ironheart preservers
  7 stone giants
  6 war gargoyles
  2 vampire knights
  5 deep elf demonologists
  8 deep elf annihilators
  A salamander stormcaller (Vaults:3)
  A white draconian (IceCv)
  The ghost of panicbit the Cleaver, a journeyman MiFi of Okawaru (D:13)
  The ghost of blami the Cleaver, a journeyman HOGl of Beogh (Orc:4)
  A lorocyproca (Abyss:2)
  2 eidola
  10 deep elf death magi
  3 ettins (Vaults:5)
  6 deep elf high priests
  A crystal guardian (Crypt:3)
  45 vault guards
  3 fire dragons
  Josephine (D:11)
  4 entropy weavers
  14 yaktaur captains
  Harold (D:11)
  A catoblepas (shapeshifter) (Vaults:5)
  2 ghost crabs
  9 jiangshi
  2 ice dragons
  A death knight (Crypt:2)
  4 centaur warriors
  9 dancing weapons
  26 hydras
  15 alligators
  A ghost crab (shapeshifter) (Vaults:1)
  3 tengu warriors
  An alligator (shapeshifter) (Vaults:5)
  10 death yaks
  7 ogre magi
  2 deep troll shamans
  3 orc high priests (Orc:4)
  2 deep troll earth magi (Vaults:2)
  4 vampire magi
  Urug (Orc:3)
  A soul eater (Crypt:1)
  4 thrashing horrors (Abyss:3)
  Nergalle (Lair:2)
  4 spriggans
  A wretched star (Abyss:2)
  4 small abominations
  9 deep elf knights
  19 skeletal warriors
  A spriggan druid (Swamp:4)
  A flayed ghost (Crypt:2)
  12 unseen horrors
  2 swamp dragons (shapeshifter) (Vaults:5)
  7 deep trolls
  A sea snake (shapeshifter) (Vaults:5)
  4 shambling mangroves
  9 swamp dragons
  9 deep elf summoners
  Pikel (D:9)
  7 orc sorcerers
  5 necromancers
  6 phantasmal warriors
  11 ironbrand convokers
  4 hill giants
  10 orc knights
  49 ugly things
  17 deep elf conjurers
  A human zombie (Vaults:2)
  5 harpies (Vaults:3)
  4 griffons
  8 orb spiders
  6 large abominations (Abyss:2)
  A wolf spider (shapeshifter) (Vaults:5)
  A harpy (shapeshifter) (D:14)
  23 wolf spiders
  8 hornets
  7 cyclopes
  A black mamba (shapeshifter) (D:13)
  3 moths of wrath
  A manticore (D:15)
  7 black mambas
  9 elephants (Lair:8)
  A hornet (shapeshifter) (Vaults:5)
  A sixfirhy (Abyss:2)
  Maurice (D:11)
  A centaur zombie (D:15)
  A water nymph (shapeshifter) (Vaults:4)
  2 frost giant skeletons
  2 smoke demons
  3 torpor snails
  An ice statue (IceCv)
  18 vault sentinels
  5 komodo dragons
  35 spiny frogs
  29 yaktaurs
  A death yak zombie (Crypt:1)
  12 demonic crawlers
  2 kobold demonologists
  3 gargoyles
  3 freezing wraiths
  2 yaktaur skeletons (Vaults:5)
  5 ancient zymes (Abyss:2)
  A hellwing (Abyss:2)
  5 trolls
  19 jumping spiders
  2 fire drakes
  9 deep elf priests
  16 polar bears
  13 giant leeches
  A raiju (shapeshifter) (Vaults:1)
  26 blink frogs
  A tengu conjurer (D:15)
  20 slime creatures
  11 boulder beetles
  13 bog bodies
  A moth of wrath zombie (Crypt:1)
  A raiju (Abyss:2)
  6 two-headed ogres
  A death drake skeleton (Crypt:1)
  A blink frog (shapeshifter) (Abyss:2)
  2 fire dragon zombies
  A hornet zombie (D:15)
  2 vampires
  21 tarantellas
  22 trapdoor spiders
  A stone giant simulacrum (Vaults:2)
  A human (shapeshifter) (D:14)
  42 redbacks
  11 wraiths
  2 ynoxinuls (Abyss:2)
  An ice dragon skeleton (Crypt:1)
  2 wyverns (D:11)
  20 flying skulls
  4 shadows
  22 deep elf magi
  A fire bat (Abyss:2)
  9 hippogriffs
  A neqoxec (Abyss:3)
  25 wolves
  A human simulacrum (Vaults:2)
  5 hungry ghosts
  32 vampire mosquitoes
  35 deep elf fighters
  51 yaks
  28 insubstantial wisps
  28 swamp worms
  A faun zombie (Crypt:1)
  6 wargs
  8 porcupines
  14 water moccasins
  3 mottled dragons
  A soldier ant (shapeshifter) (D:13)
  A soldier ant (D:13)
  33 orc warriors
  20 spiders
  2 sky beasts
  A spiny frog skeleton (Crypt:1)
  6 phantoms
  16 wasps
  5 necrophages
  A black bear (Lair:3)
  10 ice beasts
  18 swamp drakes
  2 eyes of draining (shapeshifter)
  40 ogres
  A manticore zombie (Crypt:2)
  8 centaurs
  An eye of draining (D:8)
  5 boggarts (Vaults:1)
  17 crocodiles
  2 draconian zombies
  2 big kobolds
  5 gnoll sergeants
  A human skeleton (Vaults:2)
  2 brain worms
  29 giant frogs
  3 scorpions
  8 electric eels
  12 killer bees
  4 jellies
  5 wights (D:8)
  6 crimson imps
  7 hounds
  3 centaur skeletons
  A demonspawn zombie (Crypt:2)
  Crazy Yiuf (D:7)
  20 orc priests
  5 giant frog skeletons
  A two-headed ogre skeleton (Crypt:1)
  Jessica (D:3)
  7 iguanas
  Terence (D:3)
  Natasha (thrice) (D:3)
  28 orc wizards
  13 worker ants
  29 sheep
  A mottled dragon zombie (Crypt:2)
  2 tengu skeletons (Crypt:2)
  A hound skeleton (D:6)
  A worker ant zombie (D:5)
  17 gnolls
  75 river rats
  A shadow imp (D:11)
  15 adders
  3 white imps
  3 oozes
  An iguana skeleton (Crypt:2)
  2 worms
  7 giant geckos
  132 orcs
  5 giant cockroaches
  6 goblins
  4 hobgoblins
  2 quokkas (D:3)
  A ball python (D:4)
  A ball python skeleton (D:4)
  8 bats
  A giant gecko skeleton (D:4)
  A giant gecko zombie (D:7)
  7 giant newts
  10 jackals
  2 jackal skeletons
  19 kobolds
  A quokka skeleton (D:9)
  6 rats
  A crawling corpse (Vaults:5)
  A lurking horror (Abyss:3)
  3 starspawn tentacles
2013 creatures vanquished.

Vanquished Creatures (collateral kills)
  The ghost of WereVolvo the Grappler, a journeyman TrHu of Cheibriados (Lair:2)
1 creature vanquished.

Vanquished Creatures (others)
  A yaktaur captain (Vaults:5)
  A spriggan druid (Swamp:2)
  A yaktaur (Vaults:5)
  A jumping spider (Spider:2)
  2 polar bears (IceCv)
  A yak (IceCv)
  A swamp worm (shapeshifter) (Vaults:5)
  A swamp drake (Swamp:2)
  2 slaves (D:9)
  An orc (Orc:3)
  A goblin (D:2)
  2 briar patches (Swamp:4)
  27 fungi
  2 lost souls
  A lurking horror (Abyss:3)
  24 plants
  4 starspawn tentacles
  21 starspawn tentacle segments
94 creatures vanquished.

Grand Total: 2108 creatures vanquished

Notes
Turn   | Place    | Note
--------------------------------------------------------------
     0 | D:1      | inmateoo the Ghoul Venom Mage began the quest for the Orb.
     0 | D:1      | Reached XP level 1. HP: 14/14 MP: 2/2
    78 | D:1      | Reached skill level 1 in Unarmed Combat
   119 | D:1      | Reached XP level 2. HP: 3/21 MP: 3/3
   485 | D:1      | Reached skill level 1 in Fighting
  1059 | D:2      | Reached XP level 3. HP: 23/28 MP: 4/4
  1695 | D:2      | Found a stormy altar of Qazlal.
  1706 | D:3      | Noticed a phantom
  2190 | D:3      | Noticed Terence
  2219 | D:3      | Reached XP level 4. HP: 21/36 MP: 5/5
  2442 | D:3      | Noticed Natasha
  2453 | D:3      | Killed Natasha
  2715 | D:3      | Noticed Natasha
  2725 | D:3      | Killed Natasha
  2839 | D:4      | Reached XP level 5. HP: 34/42 MP: 6/6
  3152 | D:4      | Noticed an ogre
  3159 | D:5      | Entered Level 5 of the Dungeon
  3174 | D:5      | Found an iron altar of Okawaru.
  3180 | D:5      | Became a worshipper of Warmaster Okawaru
  3216 | D:5      | Noticed an ogre
  3235 | D:5      | Killed an ogre
  3235 | D:5      | Reached skill level 5 in Unarmed Combat
  3235 | D:5      | Reached XP level 6. HP: 15/51 MP: 7/7
  3271 | D:5      | Found a staircase to the Ecumenical Temple.
  3657 | D:5      | Found an ancient bone altar of Kikubaaqudgha.
  3658 | D:5      | Found a blossoming altar of Fedhas.
  3746 | D:5      | Noticed a phantom
  3796 | D:5      | Killed a phantom
  3796 | D:5      | Reached skill level 6 in Unarmed Combat
  3796 | D:5      | Reached XP level 7. HP: 30/59 MP: 8/8
  3955 | D:5      | Found Fithuibae's Book Boutique.
  3972 | D:5      | Found a glowing golden altar of the Shining One.
  3995 | D:5      | Reached * piety under Okawaru
  4494 | D:4      | Noticed an ogre
  4511 | D:4      | Killed an ogre
  4511 | D:4      | Reached skill level 1 in Armour
  4511 | D:4      | Reached skill level 7 in Unarmed Combat
  4517 | D:4      | Killed an ogre
  4517 | D:4      | Reached skill level 5 in Fighting
  4519 | D:4      | Reached XP level 8. HP: 45/68 MP: 7/9
  4785 | D:4      | Killed a phantom
  5011 | D:4      | Found a burning altar of Makhleb.
  5130 | D:3      | Reached skill level 8 in Unarmed Combat
  5162 | D:3      | Noticed Natasha
  5172 | D:3      | Killed Natasha
  5301 | D:3      | Killed Terence
  5307 | D:3      | Found a deep blue altar of Sif Muna.
  5314 | D:3      | Noticed Jessica
  5327 | D:3      | Killed Jessica
  5652 | D:6      | Reached ** piety under Okawaru
  6328 | D:7      | Reached skill level 9 in Unarmed Combat
  6359 | D:7      | Noticed Crazy Yiuf
  6369 | D:7      | Killed Crazy Yiuf
  6549 | D:7      | Found a shadowy altar of Dithmenos.
  6565 | D:7      | Reached XP level 9. HP: 62/75 MP: 10/10
  6600 | D:7      | Noticed an angel
  6601 | D:7      | Found a shimmering altar of Xom.
  6603 | D:7      | Found a glowing silver altar of Zin.
  6769 | D:7      | Found a white marble altar of Elyvilon.
  7415 | D:8      | Reached skill level 10 in Unarmed Combat
  7421 | D:8      | Found a snail-covered altar of Cheibriados.
  7563 | D:8      | Found a staircase to the Lair.
  7630 | D:8      | Found Avimuq's Distillery.
  7635 | D:8      | Bought a potion of curing for 45 gold pieces
  7635 | D:8      | Bought a potion of agility for 60 gold pieces
  7635 | D:8      | Bought a potion of heal wounds for 75 gold pieces
  7635 | D:8      | Bought a potion of heal wounds for 75 gold pieces
  7673 | D:8      | Reached *** piety under Okawaru
  8136 | D:8      | Found a sparkling altar of Nemelex Xobeh.
  8188 | D:8      | Reached skill level 11 in Unarmed Combat
  8218 | D:8      | Reached XP level 10. HP: 69/88 MP: 11/11
  8466 | D:9      | Reached skill level 5 in Armour
  8568 | D:10     | Entered Level 10 of the Dungeon
  8679 | D:10     | Reached **** piety under Okawaru
  8945 | D:10     | Found a portal to a secret trove of treasure.
  9127 | D:10     | Found a staircase to the Orcish Mines.
  9466 | D:9      | Noticed Pikel
  9490 | D:9      | Killed Pikel
  9490 | D:9      | Reached skill level 12 in Unarmed Combat
 10188 | D:11     | Reached XP level 11. HP: 85/97 MP: 9/12
 10273 | D:11     | Found Zicosh's Armour Boutique.
 10321 | D:11     | Killed an unseen horror
 10321 | D:11     | Received a gift from Okawaru
 10321 | D:11     | Reached skill level 13 in Unarmed Combat
 10646 | D:11     | Noticed Harold
 10674 | D:11     | Killed Harold
 10945 | D:11     | Reached ***** piety under Okawaru
 10986 | D:11     | Noticed Maurice
 10994 | D:11     | Killed Maurice
 11071 | D:11     | Reached skill level 10 in Fighting
 11296 | D:11     | Noticed Josephine
 11324 | D:11     | Killed Josephine
 11377 | D:11     | Reached skill level 14 in Unarmed Combat
 11548 | D:12     | Noticed a hill giant
 11550 | D:12     | Noticed a four-headed hydra
 11555 | D:12     | Killed a hill giant
 11560 | D:12     | Killed a four-headed hydra
 11560 | D:12     | Reached skill level 1 in Invocations
 11560 | D:12     | Reached XP level 12. HP: 90/107 MP: 11/13
 11941 | D:12     | Received a gift from Okawaru
 12242 | D:12     | Identified a scroll of acquirement
 12663 | D:13     | Got a crude glass ring
 12666 | D:13     | Identified the ring "Pyrobyenn" {+/*Tele rPois} (You found it on level 13 of the Dungeon)
 12731 | D:13     | Noticed panicbit's ghost (journeyman MiFi)
 12797 | D:13     | Reached skill level 15 in Unarmed Combat
 12923 | D:13     | Noticed a vault guard
 12923 | D:13     | Noticed a vault guard
 12924 | D:13     | Noticed a vault guard
 12925 | D:13     | Noticed a vault guard
 12925 | D:13     | Found a gate to the Vaults.
 12926 | D:13     | Noticed a vault guard
 12926 | D:13     | Noticed a vault guard
 12927 | D:13     | Noticed a vault guard
 12933 | D:13     | Killed a vault guard
 12940 | D:13     | Killed a vault guard
 12956 | D:13     | Killed a vault guard
 12962 | D:13     | Killed a vault guard
 12968 | D:13     | Killed a vault guard
 12973 | D:13     | Killed a vault guard
 12980 | D:13     | Killed a vault guard
 12980 | D:13     | Reached skill level 5 in Invocations
 12980 | D:13     | Reached XP level 13. HP: 92/115 MP: 9/15
 13162 | D:13     | Received a gift from Okawaru
 13284 | D:13     | Noticed a centaur warrior
 13299 | D:13     | Killed a centaur warrior
 13605 | D:11     | Noticed a hill giant
 13610 | D:11     | Killed a hill giant
 13743 | Orc:1    | Entered Level 1 of the Orcish Mines
 13781 | Orc:1    | Found Qushuogo's Quality Used Wands.
 13853 | Orc:1    | Found a roughly hewn altar of Beogh.
 14758 | Orc:3    | Noticed Urug
 14778 | Orc:3    | Killed Urug
 14982 | Orc:3    | Reached skill level 16 in Unarmed Combat
 14996 | Orc:3    | Reached ****** piety under Okawaru
 15259 | Orc:4    | Entered Level 4 of the Orcish Mines
 15378 | Orc:4    | Found a staircase to the Elven Halls.
 15436 | Orc:4    | Found Duocofuq's Book Shoppe.
 15855 | Orc:4    | Found a roughly hewn altar of Beogh.
 15939 | Orc:4    | Noticed blami's ghost (journeyman HOGl)
 15955 | Orc:4    | Killed blami's ghost
 15955 | Orc:4    | Received a gift from Okawaru
 16154 | Orc:4    | Found Mamuus's Food Shoppe.
 16155 | Orc:4    | Found Guhinig's Book Shop.
 16155 | Orc:4    | Found Fifat's Food Shop.
 16375 | Orc:4    | Bought a book of Spatial Translocations for 845 gold pieces
 16375 | Orc:4    | Bought a book of Battle for 520 gold pieces
 16379 | Orc:4    | Learned a level 3 spell: Regeneration
 16385 | Orc:4    | Learned a level 4 spell: Passage of Golubria
 16388 | Orc:4    | Learned a level 2 spell: Shroud of Golubria
 16390 | Orc:4    | Learned a level 1 spell: Apportation
 16393 | Orc:4    | Learned a level 2 spell: Blink
 16396 | Orc:4    | Learned a level 2 spell: Song of Slaying
 16590 | Lair:1   | Entered Level 1 of the Lair of Beasts
 16995 | Lair:1   | Reached XP level 14. HP: 90/126 MP: 18/18
 17004 | Lair:1   | Reached skill level 5 in Dodging
 17743 | Lair:2   | Noticed WereVolvo's ghost (journeyman TrHu)
 17756 | Lair:2   | HP: 6/126 [WereVolvo's ghost (20)]
 17764 | Lair:2   | Killed WereVolvo's ghost
 18234 | Lair:2   | Noticed Nergalle
 18243 | Lair:2   | Killed Nergalle
 18243 | Lair:2   | Reached skill level 10 in Armour
 18652 | Lair:3   | Found a hole to the Spider Nest.
 18717 | Lair:3   | Reached skill level 17 in Unarmed Combat
 18758 | Lair:3   | Received a gift from Okawaru
 19295 | Lair:4   | Found a frozen archway.
 19337 | IceCv    | Entered an ice cave
 20165 | IceCv    | Received a gift from Okawaru
 20594 | Lair:4   | Found a runed door.
 20700 | Lair:4   | Reached XP level 15. HP: 126/134 MP: 20/20
 21469 | Lair:5   | Found a white marble altar of Elyvilon.
 21567 | Lair:5   | Received a gift from Okawaru
 21587 | Lair:5   | Received a gift from Okawaru
 21593 | Lair:5   | Reached skill level 18 in Unarmed Combat
 22684 | Lair:6   | Found a staircase to the Swamp.
 22961 | Lair:7   | Got a twisted helmet
 22990 | Lair:7   | Reached skill level 5 in Spellcasting
 23001 | Lair:7   | Identified the +1 helmet of the Other World {+Blink rPois rCorr Dex-2} (You found it on level 7 of the Lair of Beasts)
 23131 | Lair:7   | Found a staircase to the Slime Pits.
 23131 | Lair:7   | Found a viscous altar of Jiyva.
 23238 | Lair:7   | Received a gift from Okawaru
 23574 | Lair:8   | Entered Level 8 of the Lair of Beasts
 23814 | Lair:8   | Received a gift from Okawaru
 24183 | Lair:8   | Received a gift from Okawaru
 24390 | Lair:8   | Reached XP level 16. HP: 123/144 MP: 23/23
 25335 | D:13     | Killed panicbit's ghost
 25443 | D:13     | Noticed a tengu warrior
 25461 | D:13     | Killed a tengu warrior
 25481 | D:14     | Found a blossoming altar of Fedhas.
 26113 | D:14     | Noticed Sonja
 26116 | D:14     | Noticed Sonja
 26116 | D:14     | Sonja changed into Sonja the brain worm
 26124 | D:14     | Killed Sonja the brain worm
 26659 | D:15     | Entered Level 15 of the Dungeon
 26762 | D:15     | Reached skill level 19 in Unarmed Combat
 26805 | D:15     | Received a gift from Okawaru
 27022 | D:15     | Reached skill level 1 in Shields
 27173 | D:15     | Noticed a vault guard
 27180 | D:15     | Killed a vault guard
 27504 | D:15     | Found a staircase to the Depths.
 28103 | Swamp:1  | Entered Level 1 of the Swamp
 29011 | Swamp:2  | Received a gift from Okawaru
 29569 | Swamp:2  | Noticed Aizul
 29585 | Swamp:2  | Killed Aizul
 29699 | Swamp:2  | Reached XP level 17. HP: 116/152 MP: 26/26
 30344 | Swamp:3  | Received a gift from Okawaru
 30397 | Swamp:3  | Got a crude triple sword {god gift}
 30398 | Swamp:3  | Identified the +5 triple sword of Waxef {flame, rElec Int+4 SInv} (Okawaru gifted it to you on level 3 of the Swamp)
 31121 | Swamp:4  | Entered Level 4 of the Swamp
 31386 | Swamp:3  | Received a gift from Okawaru
 31860 | Swamp:4  | Noticed the 27-headed Lernaean hydra
 31878 | Swamp:4  | Killed the 27-headed Lernaean hydra
 31878 | Swamp:4  | Reached skill level 20 in Unarmed Combat
 32002 | Swamp:4  | Got a decaying rune of Zot
 32237 | Swamp:4  | Reached skill level 5 in Shields
 32770 | Swamp:2  | Reached XP level 18. HP: 148/161 MP: 28/28
 32948 | Spider:1 | Entered Level 1 of the Spider Nest
 33129 | Spider:1 | Received a gift from Okawaru
 34388 | Spider:2 | Reached skill level 10 in Dodging
 35331 | Spider:3 | Received a gift from Okawaru
 35339 | Spider:3 | Got a pitted hat {god gift}
 35340 | Spider:3 | Identified the +0 hat "Huer" {+Fly rElec MR+ Regen+} (Okawaru gifted it to you on level 3 of the Spider Nest)
 35766 | Spider:4 | Entered Level 4 of the Spider Nest
 35841 | Spider:4 | Reached skill level 15 in Fighting
 36326 | Spider:4 | Received a gift from Okawaru
 36465 | Spider:4 | Got a gossamer rune of Zot
 37041 | Elf:1    | Entered Level 1 of the Elven Halls
 37046 | Elf:1    | Received a gift from Okawaru
 37060 | Elf:1    | Reached XP level 19. HP: 161/170 MP: 30/30
 37186 | Elf:1    | Identified Kionlaf's Handbook of Combat Magic
 37526 | Elf:1    | Reached skill level 21 in Unarmed Combat
 38202 | Elf:2    | Found Godghugg's Gadget Emporium.
 38214 | Elf:2    | Bought a lamp of fire for 560 gold pieces
 38304 | Elf:2    | Found a runed door.
 38327 | Elf:2    | Reached skill level 1 in Evocations
 38329 | Elf:2    | Found a runed door.
 38517 | Elf:3    | Entered Level 3 of the Elven Halls
 39043 | Elf:3    | Received a gift from Okawaru
 39083 | Elf:3    | Got a warped amber ring
 39277 | Elf:3    | Got a steaming hat
 39278 | Elf:3    | Identified the ring "Boeqoe" {Str+4 Dex-4 SInv} (You took it off a deep elf master archer on level 3 of the Elven Halls)
 39280 | Elf:3    | Identified the +0 hat "Fale" {Str+5 Dex+5} (You acquired it on level 3 of the Elven Halls)
 39283 | Elf:3    | Got a brightly glowing scale mail
 39284 | Elf:3    | Identified the +2 scale mail of Grace {rN+ Dex+3 Slay+5} (You found it on level 3 of the Elven Halls)
 39317 | Elf:3    | Identified a +2 pair of boots of running (You found it on level 3 of the Elven Halls)
 40183 | Vaults:1 | Entered Level 1 of the Vaults
 40499 | Vaults:1 | Reached XP level 20. HP: 115/180 MP: 32/32
 40587 | Vaults:1 | Found Veagipto's Assorted Antiques.
 40635 | Vaults:1 | Received a gift from Okawaru
 40750 | Vaults:1 | Reached skill level 1 in Translocations
 41479 | Vaults:2 | Reached skill level 1 in Charms
 41483 | Vaults:2 | Reached skill level 5 in Evocations
 41939 | Vaults:2 | Received a gift from Okawaru
 42441 | Vaults:2 | Found a staircase to the Crypt.
 43263 | Vaults:3 | Reached XP level 21. HP: 188/188 MP: 33/33
 43303 | Vaults:3 | Found Ewienio's Antique Armour Shoppe.
 43388 | Vaults:3 | Reached skill level 22 in Unarmed Combat
 43393 | Vaults:3 | Received a gift from Okawaru
 43945 | Vaults:3 | Reached skill level 10 in Spellcasting
 45201 | Vaults:5 | Entered Level 5 of the Vaults
 45232 | Vaults:5 | Received a gift from Okawaru
 45436 | Vaults:5 | Received a gift from Okawaru
 45472 | Vaults:5 | Reached XP level 22. HP: 194/198 MP: 35/35
 46256 | Vaults:5 | Reached skill level 5 in Charms
 46333 | Vaults:5 | Reached skill level 5 in Translocations
 46348 | Vaults:5 | Received a gift from Okawaru
 46874 | Vaults:5 | Got a silver rune of Zot
 46989 | Vaults:5 | Noticed a golden dragon
 47003 | Vaults:5 | Killed a golden dragon
 47003 | Vaults:5 | Reached skill level 10 in Shields
 47199 | Vaults:5 | Reached XP level 23. HP: 138/205 MP: 36/36
 47905 | Crypt:1  | Entered Level 1 of the Crypt
 47906 | Crypt:1  | Upgraded the game from 0.17.0-18-gaab0e96 to 0.17.0-22-g5edae84
 48059 | Crypt:1  | Got a sparkling pewter ring
 48060 | Crypt:1  | Identified the ring "Omotojim" {rC- MR+ MP+9 Str+6} (You found it on level 1 of the Crypt)
 48127 | Crypt:1  | Reached skill level 10 in Evocations
 48196 | Crypt:1  | Reached skill level 23 in Unarmed Combat
 48575 | Crypt:1  | Reached skill level 1 in Necromancy
 48712 | Crypt:2  | Received a gift from Okawaru
 48877 | Crypt:2  | Found a corrupted altar of Lugonu.
 48880 | Crypt:2  | Cast into the Abyss (kobold)
 49493 | Abyss:3  | Got an abyssal rune of Zot
 49515 | Abyss:4  | Found a corrupted altar of Lugonu.
 49537 | Crypt:2  | Escaped the Abyss
 49557 | Crypt:2  | Found a one-way gate to the infinite horrors of the Abyss.
 50096 | Crypt:3  | Entered Level 3 of the Crypt
 50283 | Crypt:3  | Received a gift from Okawaru
 50433 | Crypt:3  | Found a staircase to the Tomb.
 50473 | Crypt:3  | Noticed Mara
 50482 | Crypt:3  | Noticed inmateoo's illusion
 50518 | Crypt:3  | Killed from afar by a lich

Action                   |  1- 3 |  4- 6 |  7- 9 | 10-12 | 13-15 | 16-18 | 19-21 | 22-24 || total
-------------------------+-------+-------+-------+-------+-------+-------+-------+-------++-------
Melee: Unarmed           |    52 |   174 |   435 |   610 |  1850 |  2234 |  1882 |  1383 ||  8620
       Short sword       |    79 |    15 |     7 |       |       |       |       |       ||   101
       Staff             |       |       |       |       |     6 |       |       |       ||     6
 Cast: Regeneration      |       |       |       |       |       |       |       |    21 ||    21
       Apportation       |       |       |       |       |       |       |       |     2 ||     2
Invok: Heroism           |       |       |     7 |    15 |    17 |    16 |    18 |     8 ||    81
       Finesse           |       |       |       |     2 |     2 |     1 |     1 |       ||     6
Evoke: Wand              |       |       |       |    14 |     9 |     9 |     2 |       ||    34
       Deck              |       |       |       |       |       |     3 |       |       ||     3
       Lamp of fire      |       |       |       |       |       |       |     1 |     1 ||     2
  Use: Potion            |     3 |     1 |     1 |     5 |     1 |     4 |     3 |     1 ||    19
       Scroll            |       |     8 |    13 |    10 |     7 |    11 |     9 |     6 ||    64
 Stab: Sleeping          |     2 |     1 |       |       |       |       |       |       ||     3
       Confused          |       |       |       |       |       |     2 |       |       ||     2
  Eat: Chunk             |     9 |    12 |    38 |    74 |   156 |   207 |   129 |    52 ||   677
       Meat ration       |       |       |     1 |       |       |       |     1 |       ||     2
       Pizza             |       |       |       |       |       |     6 |       |     2 ||     8
       Royal jelly       |       |       |       |       |       |       |       |     1 ||     1
